 Dungeon Crawl Stone Soup version 0.26.1-2-gb8aa6d0cf2 (webtiles) character file.

Game seed: 3595939483799684394

63 Groucho the Sneak (level 3, 0/16 HPs)
             Began as a Spriggan Enchanter on Feb 25, 2021.
             Slain by a hobgoblin
             ... wielding a +0 club
              (4 damage)
             ... on level 2 of the Dungeon.
             The game lasted 00:05:21 (4790 turns).

Groucho the Sneak (Spriggan Enchanter)              Turns: 4790, Time: 00:05:22

Health: 0/16       AC:  2    Str:  5    XL:     3   Next: 89%
Magic:  8/8        EV: 18    Int: 16    God:
Gold:   43         SH:  0    Dex: 16    Spells: 4/7 levels left

rFire    . . .     SeeInvis +   a - +1 dagger
rCold    . . .     Faith    .   (shield restricted)
rNeg     . . .     Spirit   .   b - +0 robe
rPois    .         Reflect  .   (helmet restricted)
rElec    .         Harm     .   (no cloak)
rCorr    .         Rampage  .   (gloves unavailable)
Will     .....                  (boots unavailable)
Stlth    ++++......             (no amulet)
HPRegen  0.05/turn              (no ring)
MPRegen  0.11/turn              (no ring)

@: very quick
A: very small, unfitting armour, see invisible, speed 3
a: no special abilities


You were on level 2 of the Dungeon.
You visited 1 branch of the dungeon, and saw 2 of its levels.

You collected 43 gold pieces.

Inventory:

Hand Weapons
 a - a +1 dagger (weapon)
Armour
 b - a +0 robe (worn)
Jewellery
 f - an uncursed ring of ice {unknown}
 o - an uncursed ring of protection from cold {unknown}
Scrolls
 e - 5 scrolls of identify
 g - a scroll of teleportation {unknown}
 h - a scroll of remove curse {unknown}
 j - a scroll of immolation {unknown}
 k - a scroll of enchant weapon {unknown}
 n - a scroll of magic mapping {unknown}
Potions
 c - a potion of haste
 d - a potion of curing {unknown}
 i - a potion of ambrosia {unknown}
 l - a potion of might {unknown}
 m - a potion of flight {unknown}
 p - 2 potions of cancellation {unknown}


   Skills:
 - Level 1.1 Short Blades
 - Level 3.0 Dodging
 + Level 7.5 Stealth
 - Level 2.6 Spellcasting
 - Level 3.6 Hexes


You had 4 spell levels left.
You knew the following spells:

 Your Spells              Type           Power        Failure   Level
a - Corona                Hex            14%          4%          1
b - Ensorcelled Hibernat  Hex/Ice        14%          14%         2

Your spell library contained the following spells:

 Spells                   Type           Power        Failure   Level
 Confusing Touch          Hex            13%          13%         3
 Tukima's Dance           Hex            13%          13%         3
 Dazzling Flash           Conj/Hex       14%          28%         3


Dungeon Overview and Level Annotations

Branches:
Dungeon (2/15)

Altars:
Vehumet


Innate Abilities, Weirdness & Mutations

You are very small and have problems with some larger weapons.
You are too small for most types of armour.
You have supernaturally acute eyesight. (SInv)
You cover ground extremely quickly.


Message History

The hobgoblin hits you with a +0 club.
You closely miss the hobgoblin.
The hobgoblin is heavily wounded.
The hobgoblin misses you.
You hit the hobgoblin but do no damage.
The hobgoblin is heavily wounded.
The hobgoblin completely misses you.
You hit the hobgoblin but do no damage.
The hobgoblin is heavily wounded.
The hobgoblin hits you with a +0 club.
* * * LOW HITPOINT WARNING * * *
You barely miss the hobgoblin.
The hobgoblin is heavily wounded.
You closely miss the hobgoblin.
The hobgoblin is heavily wounded.
The hobgoblin completely misses you.
You barely miss the hobgoblin.
The hobgoblin is heavily wounded.
The hobgoblin hits you with a +0 club.
You die...

.###.#.####.# #..........#. .#
#.#.# #.# ####.#######. .# #.#.#
#.# #..B...B.. .# #.#.# #.#
#..######. .###.#.# #.#
#..####### .....#.# #.# ########
#......... ######.# #.# #.....÷#
#.######## .......####.# #.####)#
#.#....... ..........÷[# #.@g.#.#
#.#.###### .##.......### #.#..#.#
#.#<#
.########.#######.##.###.#.#
...................#....[#.######
........#.#######..#######.......
##......#.# #..# #.......
#......#.# #..# #.......
#......#.#######..# #.......
#......#.#........########......


You could see a hobgoblin.

Vanquished Creatures
  An adder (D:2)
  An ooze (D:2)
  A worm (D:2)
  2 dart slugs
  2 leopard geckos
  2 ball pythons
  5 bats
  A giant cockroach (D:2)
  3 goblins (D:2)
  3 hobgoblins
  8 jackals
  2 kobolds (D:1)
  3 frilled lizards (D:2)
  4 rats
38 creatures vanquished.

Notes
Turn   | Place    | Note
-------+----------+-------------------------------------------
     0 | D:1      | Groucho the Spriggan Enchanter began the quest for the Orb.
     0 | D:1      | Reached XP level 1. HP: 9/9 MP: 5/5
   582 | D:1      | Reached skill level 5 in Stealth
   649 | D:2      | Reached XP level 2. HP: 4/13 MP: 6/6
   652 | D:2      | Learned a level 2 spell: Ensorcelled Hibernation
  1670 | D:1      | Reached skill level 6 in Stealth
  3597 | D:2      | Reached XP level 3. HP: 16/16 MP: 5/8
  3673 | D:2      | Found a radiant altar of Vehumet.
  4317 | D:2      | Reached skill level 7 in Stealth
  4790 | D:2      | Slain by a hobgoblin

Illustrated notes

Levels and vault maps discovered:
D:1:      minmay_arrival_stone_box, layout_basic
D:2:      layout_basic, marbit_many_paths

Skill      XL: |  1  2  3 |
---------------+----------+-----
Stealth        | 5 6 7 |  7.5
Short Blades   | |  1.1
Dodging        | |  3.0
Spellcasting   | |  2.6
Hexes          | |  3.6

Action                   || total
-------------------------++-------
Melee: Dagger            ||   183
 Cast: Ensorcelled Hiber ||     7
  Use: Scroll            ||     1
 Stab: Sleeping          ||    19
Armor: Robe              ||    31
Dodge: Dodged            ||   171
